 Dungeon Crawl Stone Soup version 0.32-a0-875-g23b751d0ae (webtiles) character file.

Game seed: 2229326997160133590

228 Nr616 the Slasher (level 5, 0/42 HPs)
             Began as a Minotaur Gladiator on Mar 31, 2024.
             Constricted to death by Ijyb (2 damage)
             ... on level 3 of the Dungeon.
             The game lasted 00:06:23 (2371 turns).

Nr616 the Slasher (Minotaur Gladiator)              Turns: 2371, Time: 00:06:24

Health: 0/42       AC:  5    Str: 19    XL:     5   Next: 70%
Magic:  4/4        EV:  0    Int:  5    God:
Gold:   117        SH:  0    Dex: 13    Spells: 4/4 levels left

rFire   . . .        a - +0 long sword
rCold   . . .        (no shield)
rNeg    . . .        m - +0 ring mail
rPois   .            c - +0 hat
rElec   .            (no cloak)
rCorr   .            (no gloves)
SInv    .            (no boots)
Will    .....        (no amulet)
Stlth   +            (no ring)
HPRegen 0.27/turn    (no ring)
MPRegen 0.09/turn

%: no passive effects
@: grasped by roots, hasted, constricted, very quick
A: horns 2, retaliatory headbutt
a: no special abilities


You were on level 3 of the Dungeon.
You visited 1 branch of the dungeon, and saw 4 of its levels.

You collected 117 gold pieces.

Inventory:

Hand Weapons
 a - a +0 long sword (weapon)
 q - a +0 flail of holy wrath
 r - a +0 dagger of flaming
Missiles
 d - 3 throwing nets (quivered)
 e - 5 javelins
Armour
 b - a +0 leather armour
 c - a +0 hat (worn)
 m - a +0 ring mail (worn)
 n - a +0 plate armour
Jewellery
 k - an amulet of faith
Scrolls
 f - 3 scrolls of poison {unknown}
 h - a scroll of teleportation {unknown}
 j - a scroll of identify {unknown}
 l - a scroll of enchant armour {unknown}
 o - a scroll of noise {unknown}
Potions
 g - 3 potions of curing {unknown}
 i - 2 potions of heal wounds {unknown}
 p - a potion of haste


   Skills:
 - Level 2.4 Fighting
 * Level 7.8 Long Blades
 - Level 2.0 Throwing
 - Level 3.2 Dodging


You had 4 spell levels left.
You didn't know any spells.
Your spell library was empty.

Dungeon Overview and Level Annotations

Branches:
Dungeon (4/15)
 Temple: D:4-7

Altars:
Dithmenos
Zin

Annotations:
D:3 Ijyb


Innate Abilities, Weirdness & Mutations

You have a pair of horns on your head.
You reflexively headbutt those who attack you in melee.


Message History

You completely miss Ijyb. Ijyb barely misses you.
The orc hits you with a +0 trident.
Unknown command.
You closely miss Ijyb. Ijyb hits you but does no damage.
The orc hits you with a +0 trident.
You closely miss Ijyb. Ijyb hits you with a +0 dagger.
The orc hits you with a +0 trident.
You hit Ijyb but do no damage. Ijyb hits you with a +0 dagger.
The orc hits you with a +0 trident.
You hit Ijyb but do no damage. Ijyb hits you with a +0 dagger.
The orc closely misses you.
You slash Ijyb!
Ijyb is moderately wounded.
Ijyb zaps a wand.
The roots erupt in riotous growth!
The grasping roots grab you!
Ijyb is unaffected.
The orc is unaffected.
The grasping roots constrict you. The orc hits you with a +0 trident.
* * * LOW HITPOINT WARNING * * *
You closely miss Ijyb.
Ijyb is moderately wounded.
Ijyb hits you with a +0 dagger.
* * * LOW HITPOINT WARNING * * *
The grasping roots constrict you.
* * * LOW HITPOINT WARNING * * *
The orc hits you with a +0 trident.
* * * LOW HITPOINT WARNING * * *
You barely miss the orc.
The orc is almost dead.
Ijyb hits you with a +0 dagger.
* * * LOW HITPOINT WARNING * * *
The grasping roots constrict you.
* * * LOW HITPOINT WARNING * * *
The orc hits you with a +0 trident.
* * * LOW HITPOINT WARNING * * *
It was a potion of haste.
You feel yourself speed up. Ijyb hits you with a +0 dagger.
* * * LOW HITPOINT WARNING * * *
The grasping roots constrict you.
You die...
Ijyb moans, "Good help so hard to find!"

#########♣#♣#
######..<...♣.....
#........##...♣.♣.
#.####.#.##♣.♣...♣ #.#
#.#.# #...♣..
#o####.#.##♣.♣...♣
######@g...........♣.♣.
##....#.#####..##.♣.....
#..P.(..# #..##.##♣.♣#
#P.PPP..# #..##.# #...
######PP.♣P#.# #..##<#
##.# ##.....P.♣♣...#
#..##.# #.#
#P..♣...♣♣P...#
###..##.####.#
#.P.♣♣P..♣P...#
#............#
#..♣♣.P..P....#
#.#..........#


You could see Ijyb and an orc.

Vanquished Creatures
  3 orc wizards (D:3)
  3 gnolls (D:3)
  4 adders
  2 dart slugs (D:2)
  A ribbon worm (D:3)
  5 orcs
  5 bats
  11 endoplasms
  6 giant cockroaches
  4 goblins
  9 hobgoblins
  4 quokkas
  4 ball pythons
  7 frilled lizards
  4 kobolds
  4 rats
76 creatures vanquished.

Notes
Turn   | Place    | Note
-------+----------+-------------------------------------------
     0 | D:1      | Nr616 the Minotaur Gladiator began the quest for the Orb.
     0 | D:1      | Reached XP level 1. HP: 18/18 MP: 0/0
    48 | D:1      | Reached skill level 4 in Long Blades
    76 | D:1      | Reached XP level 2. HP: 25/25 MP: 1/1
   277 | D:1      | Reached skill level 5 in Long Blades
   392 | D:1      | Reached XP level 3. HP: 24/30 MP: 2/2
  1097 | D:2      | Reached skill level 6 in Long Blades
  1097 | D:2      | Reached XP level 4. HP: 37/37 MP: 3/3
  1577 | D:3      | Found a glowing silver altar of Zin.
  1580 | D:3      | Found a shadowy altar of Dithmenos.
  1649 | D:3      | Reached XP level 5. HP: 42/42 MP: 4/4
  1880 | D:3      | Reached skill level 7 in Long Blades
  2005 | D:3      | Found a faded altar of an unknown god.
  2329 | D:4      | Noticed Ijyb
  2371 | D:3      | HP: 2/42 [Ijyb/+0 dagger (1)]
  2371 | D:3      | Constricted to death by Ijyb

Illustrated notes

Levels and vault maps discovered:
D:1:      saegor_arrival_simple_b, layout_rooms, nicolae_houndstooth_variations
D:2:      layout_loops_ring, serial_glass, glass_columns_a, glass_columns_c,
          glass_columns_b, glass_columns_a, glass_columns_b, glass_columns_a,
          glass_columns_a, glass_columns_b
D:3:      layout_loops_ring, nicolae_overflow_squiral, serial_forest,
          infiniplex_forest_lined_ring, infiniplex_forest_clump_C,
          infiniplex_forest_end_double, infiniplex_forest_3_way,
          infiniplex_forest_clump_tiny, infiniplex_forest_clump_double,
          infiniplex_forest_lined_4_way, infiniplex_forest_straight_5,
          dreamdust_ecumenical_altar_grove, kennysheep_generic_room_12
D:4:      layout_rooms, portal_sewer_entry_d, nicolae_shop_clearance, uniq_ijyb

Skill      XL: |  1  2  3  4  5 |
---------------+----------------+-----
Long Blades    | 4 5 6 7 |  7.8
Fighting       | |  2.4
Throwing       | |  2.0
Dodging        | |  3.2

Action                     |  1- 3 |  4- 6 || total
---------------------------+-------+-------++-------
  Melee: Long sword        |    86 |    93 ||   179
         Headbutt          |     9 |    12 ||    21
    Use: Potion            |       |     1 ||     1
 Armour: Leather armour    |    48 |       ||    48
         Ring mail         |       |    69 ||    69
  Dodge: Dodged            |    47 |    50 ||    97

Table legend: (Time is in decaauts)
 A = Elapsed time spent in this place.
 B = Non-inter-level travel time spent in this place.
 C = Inter-level travel time spent in this place.
 D = Time resting spent in this place.
 E = Time spent auto-exploring this place.
 F = Levels seen in this place.
 G = Mean time per level.
                   A        B        C        D        E       F      G
               +--------+--------+--------+--------+--------+-----+--------+
         Total |   2389 |   2323 |     66 |    123 |   1715 |   4 |  597.2 |
       Dungeon |   2389 |   2323 |     66 |    123 |   1715 |   4 |  597.2 |
               +--------+--------+--------+--------+--------+-----+--------+

Top non-repeatable levels by time:
     D:3: 1003 daAuts
     D:2: 746 daAuts
     D:1: 629 daAuts
     D:4: 10 daAuts
